 Dungeon Crawl Stone Soup version 0.26.1-11-gd32895ea62 (webtiles) character file.

Game seed: 14000786581827871744

23084 mankey1987 the Fighter (level 13, 0/141 HPs)
             Began as an Ogre Berserker on June 2, 2021.
             Was a High Priest of Trog.
             Slain by a 12-headed hydra (2 damage)
             ... on level 2 of the Lair of Beasts on June 9, 2021.
             The game lasted 00:25:46 (19053 turns).

mankey1987 the Fighter (Ogre Berserker)            Turns: 19053, Time: 00:25:46

Health: 0/141      AC:  9    Str: 24    XL:     13   Next: 4%
Magic:  0/13       EV: 19    Int: 13    God:    Trog [*****.]
Gold:   905        SH:  0    Dex: 18    Spells: 12/12 levels left

rFire    . . .     SeeInvis +   D - +2 dire flail (protect)
rCold    . . .     Faith    .   (shield currently unavailable)
rNeg     . . .     Spirit   +   z - +3 steam dragon scales
rPois    +         Reflect  .   (helmet restricted)
rElec    .         Harm     .   (no cloak)
rCorr    .         Rampage  .   (gloves unavailable)
Will     ++...                  (boots unavailable)
Stlth    +++.......             h - amulet of guardian spirit
HPRegen  0.33/turn              r - ring of willpower
MPRegen  0.13/turn              n - ring "Xokk" {rPois Int+5 Dex+4 SInv}

@: berserk cooldown, slowed, very slow
A: large, unfitting armour, horns 1, thin skeletal structure 1, blink, tough
skin 1
a: Blink, Renounce Religion, Berserk, Trog's Hand, Brothers in Arms


You were on level 2 of the Lair of Beasts.
You worshipped Trog.
Trog was extremely pleased with you.
You visited 2 branches of the dungeon, and saw 15 of its levels.

You collected 905 gold pieces.

Inventory:

Hand Weapons
 s - a +2 giant spiked club
 D - a +2 dire flail of protection (weapon)
Armour
 z - +3 steam dragon scales (worn)
Jewellery
 h - an amulet of guardian spirit (around neck)
 n - the ring "Xokk" (right hand) {rPois Int+5 Dex+4 SInv}
   (You found it on level 5 of the Dungeon)

   [ring of see invisible]

   It affects your intelligence (+5).
   It affects your dexterity (+4).
   It protects you from poison.
   It lets you see invisible.
 r - a ring of willpower (left hand)
 v - an uncursed ring of positive energy
Wands
 g - a wand of acid (8)
 y - a wand of paralysis (22)
 A - a wand of iceblast (6)
 E - a wand of random effects (4)
 I - a wand of polymorph (3)
 N - a wand of digging (5)
Scrolls
 c - 15 scrolls of teleportation
 d - 4 scrolls of magic mapping
 f - 8 scrolls of remove curse
 i - a scroll of blinking
 k - 3 scrolls of fear
 m - 3 scrolls of noise {unknown}
 o - 2 scrolls of fog {unknown}
 u - a scroll of identify
 x - a scroll of acquirement {unknown}
 B - a scroll of random uselessness {unknown}
 F - a scroll of immolation {unknown}
 L - a scroll of torment {unknown}
Potions
 e - 6 potions of curing
 j - a potion of resistance
 l - a potion of berserk rage
 p - 4 potions of brilliance
 q - a potion of lignification
 t - 2 potions of might
 w - 3 potions of cancellation
 C - 3 potions of flight
 J - 2 potions of attraction {unknown}
 M - a potion of degeneration {unknown}


   Skills:
 + Level 12.8 Fighting
 * Level 12.6 Maces & Flails
 * Level 12.6 Dodging


You had 12 spell levels left.
You didn't know any spells.
Your spell library was empty.

Dungeon Overview and Level Annotations

Branches:
Dungeon (13/15)            Temple (0/1) D:4            Lair (2/6) D:11
    Orc (0/2) D:9
  Swamp: Lair:2-4    Shoals: Lair:2-4     Snake: Lair:2-4    Spider: Lair:2-4
 Vaults: D:13-14

Altars:
Cheibriados
Dithmenos
Elyvilon
Qazlal
Ru
Uskayaw
Xom
Zin
The Shining One

Shops:
D:8 (   D:9 ?

Annotations:
D:13 Kirke
Lair:2 nothank2's ghost, journeyman DrFE


Innate Abilities, Weirdness & Mutations

You are too large for most types of armour.
You have tough skin. (AC +1)
You have a pair of small horns on your head.
You have a somewhat thin skeletal structure. (Dex +2, Stealth)
You can translocate small distances at will.


Message History

You feel your anger nearly subside.
There is a stone staircase leading up here.
Unknown command.
You are no longer berserk.
You are exhausted.
You feel yourself slow down. The wolf closely misses you.
The 12-headed hydra misses you.
The 12-headed hydra bites you but does no damage.
The 12-headed hydra misses you. The 12-headed hydra closely misses you.
The 12-headed hydra bites you!
* * * LOW HITPOINT WARNING * * *
The 12-headed hydra bites you but does no damage.
The 12-headed hydra misses you. The 12-headed hydra bites you.
* * * LOW HITPOINT WARNING * * *
The 12-headed hydra bites you.
* * * LOW HITPOINT WARNING * * *
The 12-headed hydra misses you. The 12-headed hydra bites you!
* * * LOW HITPOINT WARNING * * *
The 12-headed hydra bites you.
You die...

..###
##..#........## ..#
#............P .P#
##...#.......## ###
##............# #
#P...##.......# #
#....##......##
####.#####......#
#.#÷##♣♣♣##.....##
##..##P...○#...W@P#
....#P!....'...Dh##
#...#♣$.)..'...hh.#
....#♣.....'..h.h##
...###♣!...#.....#
.#..P##♣P≈##.....#
..#PP######.......#
........ .........#
.................P#


You could see a 12-headed hydra, 5 wolves and nothank2's ghost.

Vanquished Creatures
  A boulder beetle (Lair:1)
  5 hydras
  A two-headed ogre (D:10)
  An unseen horror (D:9)
  Pikel (D:6)
  An ugly thing (D:11)
  6 elephants (Lair:2)
  3 black mambas
  A gargoyle (D:10)
  5 komodo dragons
  3 cane toads
  A kobold demonologist (D:11)
  2 trolls
  A spriggan (Lair:1)
  19 yaks
  2 basilisks (Lair:1)
  A steam dragon (D:7)
  Menkaure (D:5)
  Edmund (D:6)
  An acid dragon (D:12)
  6 water moccasins
  2 sky beasts
  An eye of draining (D:8)
  5 ice beasts
  3 orc warriors
  A necrophage (D:9)
  5 phantoms
  4 wolves (Lair:1)
  9 ogres
  4 centaurs
  2 big kobolds
  3 lemures (D:6)
  11 bullfrogs
  3 scorpions
  3 jellies
  3 howler monkeys
  2 electric eels (D:6)
  8 wights
  3 centaur zombies
  2 quasits
  A bullfrog zombie (D:11)
  3 centaur skeletons
  8 hounds
  5 orc priests
  6 iguanas
  5 orc wizards
  13 worker ants
  A hound zombie (D:10)
  A howler monkey skeleton (D:8)
  3 worker ant zombies
  Robin (D:3)
  10 gnolls
  12 adders
  A shadow imp (D:7)
  A white imp (D:7)
  An adder zombie (D:8)
  An adder skeleton (D:4)
  4 worms
  A dart slug (D:3)
  The ghost of Zeld the Insei, a weakling OpTm (D:3)
  6 leopard geckos
  30 orcs
  A ball python (D:7)
  6 giant cockroaches
  11 goblins
  9 hobgoblins
  12 jackals
  3 quokkas
  A ball python skeleton (D:4)
  8 bats
  5 frilled lizards
  11 kobolds
  A leopard gecko skeleton (D:3)
  10 rats
330 creatures vanquished.

Vanquished Creatures (others)
  3 fungi
  45 plants
48 creatures vanquished.

Grand Total: 378 creatures vanquished

Notes
Turn   | Place    | Note
-------+----------+-------------------------------------------
     0 | D:1      | mankey1987 the Ogre Berserker began the quest for the Orb.
     0 | D:1      | Reached XP level 1. HP: 24/24 MP: 1/1
   242 | D:1      | Reached XP level 2. HP: 16/32 MP: 2/2
  1046 | D:2      | Reached XP level 3. HP: 40/40 MP: 3/3
  1133 | D:2      | Noticed an orc warrior
  1154 | D:2      | Killed an orc warrior
  1155 | D:2      | Reached XP level 4. HP: 35/49 MP: 1/4
  1155 | D:2      | Reached XP level 5. HP: 40/55 MP: 1/5
  1406 | D:2      | Reached ** piety under Trog
  1546 | D:2      | Noticed an ice beast
  1552 | D:2      | Killed an ice beast
  1553 | D:2      | Reached skill level 5 in Fighting
  1727 | D:2      | Reached XP level 6. HP: 66/66 MP: 4/6
  2258 | D:3      | Found a hide-covered altar of Uskayaw.
  2258 | D:3      | Found a white marble altar of Elyvilon.
  2278 | D:3      | Found a stormy altar of Qazlal.
  2278 | D:3      | Noticed Robin
  2283 | D:3      | Killed Robin
  2296 | D:3      | Found a snail-covered altar of Cheibriados.
  2302 | D:3      | Found a glowing silver altar of Zin.
  2724 | D:3      | Found a transporter.
  2724 | D:3      | Noticed Zeld's ghost (weakling OpTm)
  2741 | D:3      | Found a transporter.
  2764 | D:3      | Killed Zeld's ghost
  3097 | D:4      | Found a shadowy altar of Dithmenos.
  3198 | D:4      | Reached XP level 7. HP: 21/74 MP: 0/7
  3638 | D:4      | Reached skill level 5 in Maces & Flails
  3638 | D:4      | Reached skill level 5 in Dodging
  3704 | D:4      | Found a shimmering altar of Xom.
  3810 | D:4      | Reached *** piety under Trog
  3834 | D:4      | Found a staircase to the Ecumenical Temple.
  4084 | D:4      | Found a glowing golden altar of the Shining One.
  4334 | D:5      | Entered Level 5 of the Dungeon
  4724 | D:5      | HP: 3/112 [acid (6)]
  4975 | D:5      | Got a bound jade ring
  4976 | D:5      | Identified the ring "Xokk" {rPois Int+5 Dex+4 SInv} (You
                  | found it on level 5 of the Dungeon)
  5447 | D:5      | Reached XP level 8. HP: 64/84 MP: 5/8
  5639 | D:5      | Found a sacrificial altar of Ru.
  5891 | D:5      | Noticed Menkaure
  5906 | D:5      | Killed Menkaure
  6908 | D:6      | Noticed Pikel
  6973 | D:6      | Killed Pikel
  7225 | D:6      | Reached XP level 9. HP: 93/93 MP: 9/9
  8223 | D:6      | Noticed Edmund
  8241 | D:6      | Killed Edmund
 10797 | D:8      | Reached XP level 10. HP: 105/106 MP: 8/10
 10817 | D:8      | Reached **** piety under Trog
 11308 | D:8      | Found Milokuz's Weapon Shop.
 11466 | D:8      | Identified the +10 long sword "Evurch" {vorpal, *Contam
                  | +Blink Int+4 Dex+6}
 12213 | D:9      | Found a staircase to the Orcish Mines.
 12543 | D:9      | Found a sacrificial altar of Ru.
 12828 | D:9      | Found Meloicya's Magic Scroll Emporium.
 12839 | D:9      | Gained mutation: You can translocate small distances at
                  | will. [potion of mutation]
 12839 | D:9      | Gained mutation: You have a somewhat thin skeletal
                  | structure. (Dex +2, Stealth) [potion of mutation]
 12839 | D:9      | Gained mutation: You have a pair of small horns on your
                  | head. [potion of mutation]
 12964 | D:10     | Entered Level 10 of the Dungeon
 13050 | D:10     | Noticed a two-headed ogre
 13056 | D:10     | Killed a two-headed ogre
 13279 | D:10     | Reached skill level 10 in Fighting
 13348 | D:10     | Noticed an unseen horror
 13371 | D:9      | Killed an unseen horror
 13462 | D:10     | Reached ***** piety under Trog
 13615 | D:10     | Noticed a gargoyle
 13629 | D:10     | Killed a gargoyle
 13630 | D:10     | Reached skill level 10 in Maces & Flails
 13630 | D:10     | Reached skill level 10 in Dodging
 13630 | D:10     | Reached XP level 11. HP: 119/119 MP: 8/11
 14093 | D:11     | Noticed a brown ugly thing
 14101 | D:11     | Killed a brown ugly thing
 14677 | D:11     | Found a staircase to the Lair.
 16141 | D:13     | Noticed Kirke
 16279 | Lair:1   | Entered Level 1 of the Lair of Beasts
 16948 | Lair:1   | Reached XP level 12. HP: 130/130 MP: 12/12
 17057 | Lair:1   | Noticed a seven-headed hydra
 17069 | Lair:1   | Killed a seven-headed hydra
 17278 | Lair:1   | Noticed an eight-headed hydra
 17289 | Lair:1   | Killed an eight-headed hydra
 17301 | Lair:1   | Noticed a five-headed hydra
 17313 | Lair:1   | Killed a five-headed hydra
 17727 | Lair:2   | Noticed a boulder beetle
 17801 | Lair:1   | Killed a boulder beetle
 18226 | Lair:2   | Received a gift from Trog
 18629 | Lair:2   | Noticed a four-headed hydra
 18684 | Lair:2   | Killed a four-headed hydra
 18983 | Lair:2   | Found a runed translucent gate.
 18983 | Lair:2   | Found a runed translucent gate.
 18983 | Lair:2   | Noticed a six-headed hydra
 18984 | Lair:2   | Noticed a 12-headed hydra
 18985 | Lair:2   | Found a runed translucent gate.
 18986 | Lair:2   | Noticed nothank2's ghost (journeyman DrFE)
 18998 | Lair:1   | Killed a six-headed hydra
 18999 | Lair:1   | Reached XP level 13. HP: 141/141 MP: 9/13
 19053 | Lair:2   | HP: 2/141 [12-headed hydra (7)]
 19053 | Lair:2   | Slain by a 12-headed hydra

Illustrated notes

Levels and vault maps discovered:
D:1:      wander_arrival_estate, layout_rooms, minmay_lizard_pond
D:2:      layout_loops_cross
D:3:      layout_rooms, chequers_temple_overflow_minitemple,
          gammafunk_ghost_arena, minmay_misc_feat_iff, uniq_robin
D:4:      layout_loops_ring, kennysheep_mini, grunt_dithmenos_smoke_and_mirrors,
          minmay_temple_entry_grid, chequers_serial_rivers_room_a,
          nicolae_tso_swordbearing_angel
D:5:      layout_loops_corners, serial_rivers, chequers_serial_rivers_small_a,
          chequers_serial_rivers_small_3, chequers_serial_rivers_large_b,
          chequers_serial_rivers_small_b, chequers_serial_rivers_micro_d,
          chequers_serial_rivers_micro_e, enter_ossuary_2, hex_medium,
          nicolae_ru_the_path_less_chosen, uniq_menkaure
D:6:      wad_river_or_something, layout_loops_corners, uniq_edmund, uniq_pikel
D:7:      layout_basic, minmay_microvault
D:8:      layout_cave_pools, serial_shops, nicolae_shop_statue_plus
D:9:      layout_basic, lemuel_round_altar, orc_0_dummy, serial_shops, shop
D:10:     layout_loops_ring
D:11:     layout_basic, david_lair_shrubbed
D:12:     layout_roguey
D:13:     layout_rooms, grunt_potential, uniq_kirke
Lair:1:   wad_woods_structure_01, layout_hall_layers,
          grunt_forest_large_clearing_hut
Lair:2:   layout_hall_layers, gammafunk_ghost_hydra_chop, lemuel_centaur_altar

Skill      XL: |  1  2  3  4  5  6  7  8  9 10 11 12 |
---------------+-------------------------------------+-----
Dodging        | 3 4 5 7 8 10 11 12 | 12.6
Maces & Flails | 3 4 5 7 8 10 11 12 | 12.6
Fighting       | 5 6 7 8 10 11 12 | 12.8

Action                   |  1- 3 |  4- 6 |  7- 9 | 10-12 | 13-15 || total
-------------------------+-------+-------+-------+-------+-------++-------
Melee: Mace              |    78 |   153 |   245 |       |       ||   476
       Whip              |       |       |    89 |       |       ||    89
       Flail             |       |       |   108 |   214 |       ||   322
       Headbutt          |       |       |       |   150 |       ||   150
       Dire flail        |       |       |       |   436 |       ||   436
Invok: Berserk           |     3 |     7 |    11 |    18 |     1 ||    40
 Abil: Blink             |       |       |       |       |     1 ||     1
  Use: Scroll            |       |     9 |     3 |    12 |       ||    24
       Potion            |       |     1 |     2 |     6 |       ||     9
 Stab: Sleeping          |       |       |     3 |     6 |       ||     9
       Distracted        |       |       |       |     1 |       ||     1
Armor: Animal skin       |    32 |    42 |    50 |       |       ||   124
       Steam dragon scal |       |       |     2 |   221 |     6 ||   229
       Skin              |       |       |       |    47 |       ||    47
Dodge: Dodged            |    67 |   112 |   294 |   615 |    16 ||  1104
